 Dungeon Crawl Stone Soup version 0.26-a0-649-gf8c6c3aab7 (webtiles) character file.

Game seed: 4721844468516089139

1634 djmy96 the Covert (level 8, 0/40 HPs)
             Began as a Spriggan Brigand on Sept 27, 2020.
             Was a Follower of Okawaru.
             Slain by a phantom (9 damage)
             ... on level 6 of the Dungeon.
             The game lasted 00:11:50 (8135 turns).

djmy96 the Covert (Spriggan Brigand)                Turns: 8135, Time: 00:11:53

Health: 0/40       AC:  5    Str:  7    XL:     8   Next: 66%
Magic:  9/9        EV: 20    Int: 13    God:    Okawaru [*.....]
Gold:   360        SH:  0    Dex: 25    Spells: 7/7 levels left

rFire    . . .     SeeInvis +   a - +2 dagger
rCold    . . .     Faith    .   (shield restricted)
rNeg     . . .     Spirit   .   b - +0 robe
rPois    .         Reflect  .   p - +2 hat
rElec    .         Harm     .   c - +0 cloak
rCorr    +         Rampage  .   (gloves unavailable)
MR       +....                  (boots unavailable)
Stlth    ++++......             i - amulet of magic regeneration
HPRegen  0.13/turn              s - ring of resist corrosion
MPRegen  0.36/turn              v - +6 ring of dexterity

@: very quick
A: very small, unfitting armour, see invisible, speed 3
a: Heroism, Renounce Religion


You were on level 6 of the Dungeon.
You worshipped Okawaru.
Okawaru was aware of your devotion.
You visited 2 branches of the dungeon, and saw 8 of its levels.

You collected 360 gold pieces.

Inventory:

Hand Weapons
 a - a +2 dagger (weapon)
Missiles
 d - 2 poisoned darts (quivered)
 e - a curare-tipped dart
 l - 202 stones
Armour
 b - a +0 robe (worn)
 c - a +0 cloak (worn)
 p - a +2 hat (worn)
 y - a +0 buckler
Jewellery
 i - an amulet of magic regeneration (around neck)
 s - a ring of resist corrosion (left hand)
 u - an uncursed ring of ice
 v - a +6 ring of dexterity (right hand)
 G - an uncursed ring of protection from cold {unknown}
Wands
 o - a wand of acid (12)
 B - a wand of disintegration (7)
Scrolls
 j - 3 scrolls of magic mapping {unknown}
 k - 2 scrolls of remove curse
 m - 4 scrolls of teleportation {unknown}
 q - 7 scrolls of identify {unknown}
 r - 2 scrolls of fog {unknown}
 t - a scroll of enchant weapon {unknown}
 x - a scroll of random uselessness {unknown}
 A - 3 scrolls of enchant armour {unknown}
 C - 2 scrolls of blinking {unknown}
 D - a scroll of fear {unknown}
Potions
 f - 4 potions of invisibility {unknown}
 g - 5 potions of curing {unknown}
 h - 3 potions of stabbing {unknown}
 n - 3 potions of brilliance {unknown}
 w - a potion of berserk rage {unknown}
 z - 2 potions of lignification {unknown}
 E - a potion of mutation {unknown}
 F - a potion of ambrosia {unknown}


   Skills:
 + Level 3.0(1.5) Fighting
 + Level 7.5(3.7) Short Blades
 + Level 3.4(1.7) Throwing
 + Level 6.9(3.4) Dodging
 + Level 10.9(6.9) Stealth


You had 7 spell levels left.
You didn't know any spells.
Your spell library contained the following spells:

 Spells                   Type           Power        Failure   Level
 Animate Skeleton         Necr           #.....       30%         1
 Apportation              Tloc           #.....       30%         1
 Corona                   Hex            #......      30%         1
 Magic Dart               Conj           #...         30%         1
 Summon Small Mammal      Summ           #...         30%         1
 Searing Ray              Conj           #.....       43%         2
 Dazzling Flash           Conj/Hex       #.....       67%         3
 Fulminant Prism          Conj/Hex       #.........   97%         4
 Iskenderun's Mystic Bla  Conj/Tloc      #.......     97%         4


Dungeon Overview and Level Annotations

Branches:
Dungeon (7/15)             Temple (1/1) D:5

Altars:
Ashenzari
Cheibriados
Dithmenos
Elyvilon
Fedhas
Gozag
Hepliaklqana
Kikubaaqudgha
Makhleb
Okawaru
Qazlal
Ru
Sif Muna
Trog
Uskayaw
Vehumet
Wu Jian
Xom
Yredelemnul
Zin
The Shining One


Innate Abilities, Weirdness & Mutations

You are very small and have problems with some larger weapons.
You are too small for most types of armour.
You have supernaturally acute eyesight. (SInv)
You cover ground extremely quickly.


Message History

Press: ? - help, Shift-Dir - straight line, f - bullfrog, p - centaur
Aim: a bullfrog (asleep)
You throw a poisoned dart. The poisoned dart hits the bullfrog.
The bullfrog is poisoned.
The bullfrog croaks.
The centaur closely misses you. The phantom completely misses you.
Throwing (i - inventory. (/) - cycle)
d - 4 poisoned darts (quivered)
Press: ? - help, Shift-Dir - straight line, f/p - bullfrog
Aim: a bullfrog (poisoned)
You throw a poisoned dart. The poisoned dart hits the bullfrog!
The bullfrog looks even sicker.
The centaur hits you.
* * * LOW HITPOINT WARNING * * *
Unknown command.
Throwing (i - inventory. (/) - cycle)
d - 3 poisoned darts (quivered)
Press: ? - help, Shift-Dir - straight line, f/p - bullfrog
Aim: a bullfrog (very poisoned)
You throw a poisoned dart. The poisoned dart hits the bullfrog.
You feel like a meek peon again. The bullfrog closely misses you.
The phantom hits you!
You die...

.........#####.##>).(#
###.### ##.......#
####†(..# #....
##÷####..# #....#
#.##. .#.# #..###
#....# #.##. .#.#
#....#########'# #####
.#.# ##.###....#....#
.#.# #.<.#....#.⌠..#
.#.# #.###....#..⌠.#
.#.# #.# #(..c@W...#
.#.#####.# #...F######
.........# #...(
...####### #..(. #
...# #.... # ...##
#.... # ....# #+### #
...## # #.## #


You could see a phantom, a bullfrog (very poisoned) and a centaur (extremely
poisoned, slow).

Vanquished Creatures
  Pikel (D:5)
  Prince Ribbit (D:6)
  A black bear (D:6)
  2 ogres (D:4)
  A bullfrog (D:6)
  A scorpion (D:5)
  3 howler monkeys
  A crimson imp (D:4)
  A bullfrog zombie (D:2)
  A centaur zombie (D:4)
  An orc priest (D:3)
  2 hounds
  An orc wizard (D:4)
  An iguana (D:6)
  Ijyb (D:3)
  2 worker ants
  A hound skeleton (D:6)
  3 gnolls (D:5)
  7 adders
  An ufetubus (D:6)
  An ooze (D:2)
  3 dart slugs (D:1)
  8 leopard geckos
  12 orcs
  11 bats
  3 giant cockroaches
  10 goblins
  11 hobgoblins
  7 jackals
  5 kobolds
  A quokka (D:4)
  A ball python (D:2)
  5 frilled lizards
  2 goblin zombies (D:4)
  7 hobgoblin zombies (D:4)
  A kobold zombie (D:4)
  An orc zombie (D:4)
  2 quokka skeletons
  7 rats
131 creatures vanquished.

Notes
Turn   | Place    | Note
-------+----------+-------------------------------------------
     0 | D:1      | djmy96 the Spriggan Brigand began the quest for the Orb.
     0 | D:1      | Reached XP level 1. HP: 10/10 MP: 2/2
     9 | D:1      | Reached skill level 6 in Stealth
   197 | D:1      | Reached XP level 2. HP: 14/14 MP: 3/3
   857 | D:1      | Reached XP level 3. HP: 18/18 MP: 4/4
  1746 | D:2      | Reached skill level 7 in Stealth
  1871 | D:2      | Reached XP level 4. HP: 23/23 MP: 5/5
  1890 | D:2      | Found a bloodstained altar of Trog.
  2394 | D:2      | Found a white marble altar of Elyvilon.
  2467 | D:2      | Found a shimmering blue altar of Sif Muna.
  2892 | D:2      | Found an opulent altar of Gozag.
  3384 | D:3      | Noticed Ijyb
  3387 | D:3      | Killed Ijyb
  3387 | D:3      | Reached XP level 5. HP: 26/26 MP: 6/6
  3436 | D:3      | Noticed a sky beast
  3604 | D:3      | Found a broken altar of Ashenzari.
  3844 | D:3      | Found a blossoming altar of Fedhas.
  4351 | D:3      | Reached skill level 8 in Stealth
  4431 | D:3      | Became a worshipper of Ashenzari the Shackled
  4762 | D:4      | Noticed an ogre
  4764 | D:4      | Killed an ogre
  4764 | D:4      | Reached XP level 6. HP: 30/30 MP: 7/7
  4819 | D:4      | Found a hide-covered altar of Uskayaw.
  5156 | D:4      | Found a hazy altar of Hepliaklqana.
  5157 | D:4      | Found a shimmering altar of Xom.
  5157 | D:4      | Noticed an unseen horror
  5158 | D:4      | Noticed a spectral ugly thing
  5325 | D:4      | Reached skill level 9 in Stealth
  5458 | D:4      | Found a glowing golden altar of the Shining One.
  5797 | D:4      | Reached skill level 5 in Short Blades
  5797 | D:4      | Reached skill level 5 in Dodging
  5797 | D:4      | Reached XP level 7. HP: 22/35 MP: 8/8
  5960 | D:5      | Entered Level 5 of the Dungeon
  5960 | D:5      | Reached * piety under Ashenzari
  6006 | D:5      | Noticed Pikel
  6095 | D:5      | Killed Pikel
  6095 | D:5      | Reached skill level 10 in Stealth
  6233 | D:5      | Reached XP level 8. HP: 39/39 MP: 9/9
  6441 | D:5      | Found a shadowy altar of Dithmenos.
  6508 | D:5      | Found a staircase to the Ecumenical Temple.
  6598 | Temple   | Entered the Ecumenical Temple
  6759 | Temple   | Fell from the grace of Ashenzari
  6759 | Temple   | Became a worshipper of Warmaster Okawaru
  7595 | D:6      | Noticed Prince Ribbit
  7618 | D:6      | Killed Prince Ribbit
  7850 | D:6      | Found a sacrificial altar of Ru.
  8085 | D:6      | Reached * piety under Okawaru
  8135 | D:6      | Slain by a phantom

Illustrated notes

Levels and vault maps discovered:
D:1:      minmay_arrival_arboretum_small, layout_loops_corners,
          minmay_statues_item, palyth_stone_intersect
D:2:      layout_basic, lemuel_coloured_pillars_altar, lemuel_crystal_altar,
          bloody_trog, elyvilon_altar_4
D:3:      layout_basic, lemuel_doored_altar, nicolae_ashenzari_panopticon,
          uniq_ijyb
D:4:      layout_loops_cross, eat_drink_and_be_merry_uskayaw,
          nicolae_tso_besieged_by_evil, regret_index_temple_of_mockery,
          hex_large
D:5:      layout_cave_pods, nicolae_overflow_crystal_walls,
          minmay_temple_entry_poolview, uniq_pikel
D:6:      minmay_klotski, layout_loops_ring, kennysheep_little_box,
          uniq_prince_ribbit1
D:7:      layout_rooms, old_standard_altar, serial_shops, shop,
          minmay_fractal_squares_5, uniq_maggie, uniq_harold
Temple:   compressed_dpeg_triangle_lava_temple

Skill      XL: |  1  2  3  4  5  6  7  8 |
---------------+-------------------------+-----
Stealth        | 6 7 8 9 10 | 10.9
Dodging        | 2 3 4 5 6 |  6.9
Short Blades   | 3 4 5 6 7 |  7.5
Fighting       | 2 3 |  3.0
Throwing       | 3 |  3.4

Action                   |  1- 3 |  4- 6 |  7- 9 || total
-------------------------+-------+-------+-------++-------
Melee: Dagger            |    73 |   371 |   126 ||   570
Throw: Dart              |       |     6 |    47 ||    53
Invok: Heroism           |       |       |     1 ||     1
 Stab: Sleeping          |    14 |    19 |     5 ||    38
       Distracted        |       |     1 |     1 ||     2
Armor: Robe              |     9 |    41 |    21 ||    71
Dodge: Dodged            |    45 |   323 |   162 ||   530

Table legend: (Time is in decaauts)
 A = Elapsed time spent in this place.
 B = Non-inter-level travel time spent in this place.
 C = Inter-level travel time spent in this place.
 D = Time resting spent in this place.
 E = Time spent auto-exploring this place.
 F = Levels seen in this place.
 G = Mean time per level.
                   A        B        C        D        E       F      G
               +--------+--------+--------+--------+--------+-----+--------+
         Total |   6202 |   6100 |    102 |    590 |   4423 |   8 |  775.2 |
       Dungeon |   5902 |   5802 |    100 |    590 |   4131 |   7 |  843.1 |
        Temple |    299 |    297 |      2 |      0 |    291 |   1 |  299.0 |
               +--------+--------+--------+--------+--------+-----+--------+

Top non-repeatable levels by time:
     D:1: 1437 daAuts
     D:2: 1267 daAuts
     D:3: 1026 daAuts
     D:4: 931 daAuts
     D:5: 710 daAuts
     D:6: 514 daAuts
  Temple: 299 daAuts
     D:7: 15 daAuts
